 Dungeon Crawl Stone Soup version 0.26-a0-958-gf3041fb45f (webtiles) character file.

Game seed: 4414846175034854294

54781 MordorOrchid the Grappler (level 14, -8/136 HPs)
             Began as a Pale Draconian Transmuter on Dec 1, 2020.
             Was the Champion of Cheibriados.
             Mangled by a black mamba (14 damage)
             ... on level 2 of the Snake Pit on Dec 2, 2020.
             The game lasted 01:27:19 (23379 turns).

MordorOrchid the Grappler (DrTm)                   Turns: 23379, Time: 01:27:20

Health: -8/136     AC: 10    Str: 35    XL:     14   Next: 35%
Magic:  0/27       EV: 23    Int: 33    God:    Cheibriados [******]
Gold:   1502       SH:  0    Dex: 26    Spells: 8/32 levels left

rFire    x . .     SeeInvis .     - Unarmed
rCold    + + +     Faith    .   (shield currently unavailable)
rNeg     . . .     Spirit   +   (armour unavailable)
rPois    +         Reflect  .   (helmet currently unavailable)
rElec    .         Harm     .   (cloak currently unavailable)
rCorr    .         Rampage  .   (gloves currently unavailable)
MR       +....     Rnd*Rage +   (boots currently unavailable)
Stlth    ++........             f - amulet of guardian spirit
HPRegen  0.32/turn              D - +6 ring of strength
MPRegen  0.20/turn              Q - +4 ring of evasion

@: mighty, lethally poisoned (-8 -> -16), ice-form, wereblooded, very slow
A: large, (breathe steam), unfitting armour, berserk 1, wild magic 2, AC +8
a: End Transformation, Bend Time, Temporal Distortion, Slouch, Step From Time,
Renounce Religion


You were on level 2 of the Snake Pit.
You worshipped Cheibriados.
Cheibriados was exalted by your worship.
You were a creature of crystalline ice.
You visited 4 branches of the dungeon, and saw 20 of its levels.
You also visited: Ice Cave.

You collected 1502 gold pieces.

Inventory:

Missiles
 r - 15 boomerangs
 A - 11 javelins
 C - 19 poisoned darts (quivered)
Armour
 e - the +1 pair of boots of Inaction (melded) {Rampage}
   (You found it in an ice cave)

   It bestows one free step when moving towards enemies.
   Cheibriados disapproves of the use of such an item.
 J - a +2 tower shield
 K - the +1 hat of Pessimism (melded) {Int+7}
   (You found it in an ice cave)

   It affects your intelligence (+7).
 U - a +2 pair of gloves of dexterity (melded)
Jewellery
 f - an amulet of guardian spirit (around neck)
 g - an uncursed ring of positive energy
 u - an uncursed ring of protection from cold
 x - an uncursed ring of positive energy
 y - a +6 ring of intelligence
 B - an uncursed amulet of the acrobat
 D - a +6 ring of strength (left front paw)
 E - a cursed amulet of regeneration
 H - an uncursed ring of see invisible
 I - an uncursed ring of flight
 Q - a +4 ring of evasion (right front paw)
 T - an uncursed ring of ice
 X - an uncursed ring of positive energy
 Z - an uncursed ring of wizardry
Wands
 k - a wand of disintegration (24)
 w - a wand of enslavement (5)
 L - a wand of flame (22)
 O - a wand of acid (1)
 P - a wand of paralysis (7)
 W - a wand of iceblast (18)
 Y - a wand of digging (4)
Scrolls
 d - a scroll of magic mapping
 j - 2 scrolls of torment
 m - a scroll of holy word
 n - 4 scrolls of enchant armour
 p - 9 scrolls of remove curse
 s - 10 scrolls of teleportation
 t - 4 scrolls of fear
 F - 4 scrolls of fog
 N - a scroll of amnesia
 R - a scroll of brand weapon
 V - 2 scrolls of enchant weapon
Potions
 a - 3 potions of brilliance
 c - 5 potions of flight
 i - 2 potions of cancellation
 l - 6 potions of heal wounds
 o - 4 potions of attraction
 q - 4 potions of curing
 v - a potion of magic
 z - a potion of lignification
 S - a potion of might
Miscellaneous
 b - a phial of floods
 h - a lightning rod (4/4)
 M - a phantom mirror


   Skills:
 * Level 7.6 Fighting
 * Level 9.3 Dodging
 * Level 5.1 Shields
 * Level 11.5 Unarmed Combat
 + Level 9.9 Spellcasting
 * Level 5.7 Summonings
 - Level 3.0 Necromancy
 * Level 8.6 Transmutations
 * Level 3.6 Ice Magic
 - Level 5.4 Air Magic
 * Level 8.5 Invocations
 - Level 7.3 Evocations


You had 8 spell levels left.
You knew the following spells:

 Your Spells              Type           Power        Failure   Level
a - Beastly Appendage     Tmut           ######       1%          1
b - Wereblood             Tmut           #######.     1%          2
c - Spider Form           Tmut/Pois      ######....   5%          3
d - Ice Form              Ice/Tmut       ######..     7%          4
e - Blade Hands           Tmut           #######...   7%          5
j - Summon Lightning Spi  Summ/Air       ######..     9%          4
s - Summon Ice Beast      Ice/Summ       ######..     11%         4
u - Animate Skeleton      Necr           ######       3%          1

Your spell library contained the following spells:

 Spells                   Type           Power        Failure   Level
 Summon Small Mammal      Summ           ####         1%          1
 Call Imp                 Summ           ######..     2%          2
 Pain                     Necr           ####         3%          1
 Call Canine Familiar     Summ           ######..     3%          3
 Summon Guardian Golem    Hex/Summ       ######..     8%          3
 Vampiric Draining        Necr           ######....   8%          3
 Magic Dart               Conj           ####         9%          1
 Searing Ray              Conj           ####..       11%         2
 Dazzling Flash           Conj/Hex       ####..       19%         3
 Animate Dead             Necr           ######....   19%         4
 Agony                    Necr           ######..     41%         5
 Fulminant Prism          Conj/Hex       ####......   45%         4
 Iskenderun's Mystic Bla  Conj/Tloc      ####....     45%         4


Dungeon Overview and Level Annotations

Branches:
Dungeon (11/15)            Temple (1/1) D:4            Lair (6/6) D:10
  Swamp (0/4) Lair:3        Snake (2/4) Lair:3        Slime (0/5) Lair:6
    Orc (0/2) D:10          IceCv (visited)

Altars:
Ashenzari
Cheibriados
Dithmenos
Fedhas
Kikubaaqudgha
Makhleb
Nemelex Xobeh
Qazlal
Ru
Wu Jian
Xom
Yredelemnul
Zin
The Shining One
Beogh

Shops:
Snake:2 (??

Annotations:
D:7 1 runed translucent door
D:8 Gastronok
D:9 3 runed translucent doors, RamboRex's ghost, novice MiBe
D:10 2 transporters, EWolf27's ghost, journeyman GrEE
Lair:4 2 runed translucent doors, Vuppis's ghost, journeyman DsVM


Innate Abilities, Weirdness & Mutations

((You can breathe blasts of scalding, opaque steam.))
((Your pale cyan-grey scales are hard. (AC +8)))
You cannot fit into any form of body armour.
((You are cold-blooded and may be slowed by cold attacks.))
You tend to lose your temper in combat.
Your spells are harder to cast, but more powerful.


Message History

As you read the scroll of blinking, it crumbles to dust.
* * * LOW HITPOINT WARNING * * *
You feel sick.
Found Uroinwow's Magic Scroll Shop.
Unknown command.
You feel better.
A naga comes into view. It is wielding a +0 dire flail.
The black mamba completely misses you.
The black mamba misses you. x2; The black mamba completely misses you.
The black mamba bites you!
* * * LOW HITPOINT WARNING * * *
You are poisoned.
The black mamba poisons you!
The black mamba bites you but does no damage.
The black mamba bites you.
* * * LOW HITPOINT WARNING * * *
You feel very mighty all of a sudden.
* * * LOW HITPOINT WARNING * * *
You feel sick. The black mamba bites you!
You die...

..... .....
...... ......
......####
.#.....#Y##
∩......##S#
#.#....#.#S#
...........#
........###
##...#S#.####
....N..##..#
#...≈≈≈#....
..
.#(≈≈≈≈≈....


You could see 2 black mambas.

Vanquished Creatures
  Snorg (Lair:5)
  A fire dragon (Lair:6)
  2 hydras
  An ice dragon (Snake:1)
  Erica (D:8)
  An anaconda (Snake:2)
  A boulder beetle (Lair:3)
  4 two-headed ogres
  Urug (Lair:5)
  Nergalle (D:11)
  A lindwurm (Lair:3)
  3 mana vipers (Snake:2)
  An ugly thing (D:11)
  A manticore (D:11)
  2 salamanders (Snake:2)
  10 black mambas
  3 molten gargoyles (Lair:6)
  4 naga magi
  9 cane toads
  3 rime drakes
  8 komodo dragons
  4 ice devils (IceCv)
  2 anaconda simulacra (IceCv)
  A freezing wraith (IceCv)
  The ghost of Gargoyl the Skirmisher, an amateur GnAK of Lugonu (D:4)
  Grinder (D:3)
  7 blink frogs
  A hornet (D:8)
  The ghost of Perttuleena the Ruffian, an amateur DrTm (D:4)
  Prince Ribbit (D:8)
  7 dream sheep (Lair:6)
  40 yaks
  A wraith (D:10)
  5 basilisks
  3 wyverns
  4 steam dragons
  4 harpy simulacra (IceCv)
  2 hydra simulacra (IceCv)
  3 hell hounds (Lair:6)
  3 nagas (Snake:2)
  17 water moccasins
  A swamp drake (Lair:3)
  3 sky beasts
  An ettin simulacrum (IceCv)
  7 orc warriors
  An ogre (D:7)
  3 black bears
  An alligator simulacrum (IceCv)
  16 wolves
  A phantom (D:9)
  A necrophage (D:11)
  4 centaurs
  2 big kobolds
  A nameless horror (IceCv)
  13 bullfrogs
  A wyvern zombie (D:9)
  A water moccasin zombie (D:8)
  3 scorpions
  4 killer bees (D:7)
  13 wights
  6 howler monkeys
  2 electric eels
  3 lava snakes (Lair:6)
  3 centaur zombies
  3 bullfrog zombies
  2 jellies
  10 orc priests
  A bullfrog skeleton (D:10)
  3 hounds
  9 orc wizards
  A centaur skeleton (D:10)
  Jessica (D:3)
  6 iguanas
  7 worker ants
  A troll simulacrum (IceCv)
  A centaur simulacrum (IceCv)
  A hound skeleton (D:11)
  4 gnolls (D:3)
  A howler monkey skeleton (D:9)
  2 ogre simulacra (IceCv)
  5 adders
  A naga simulacrum (IceCv)
  3 shadow imps (D:6)
  A white imp (D:5)
  7 ufetubi
  2 oozes
  3 adder skeletons
  4 worms
  6 dart slugs
  6 leopard geckos
  58 orcs
  6 giant cockroaches
  10 goblins
  7 hobgoblins
  4 jackals (D:7)
  7 quokkas
  4 bats
  2 frilled lizards
  14 kobolds
  A leopard gecko skeleton (D:6)
  A leopard gecko zombie (D:6)
  11 rats
474 creatures vanquished.

Vanquished Creatures (collateral kills)
  An Ice Fiend (IceCv)
  A boulder beetle (D:11)
  A naga warrior (Snake:2)
  2 hydras
  A fire crab (Lair:6)
  2 lindwurms (Lair:6)
  4 oklob plants
  A mana viper (Snake:2)
  4 black mambas
  An ice statue (IceCv)
  2 naga magi (Snake:1)
  2 cane toads
  9 komodo dragons
  4 ice devils (IceCv)
  3 anaconda simulacra (IceCv)
  A wolf spider simulacrum (IceCv)
  A blink frog (Lair:6)
  4 wyverns
  2 dire elephant simulacra (IceCv)
  15 yaks
  2 basilisks
  A steam dragon (Lair:6)
  3 harpy simulacra (IceCv)
  An iron troll simulacrum (IceCv)
  A hydra simulacrum (IceCv)
  4 wolves
  An elephant simulacrum (IceCv)
  A howler monkey (D:10)
  2 lava snakes (Lair:6)
  A draconian simulacrum (IceCv)
  2 troll simulacra (IceCv)
  2 spriggan simulacra (IceCv)
  2 centaur simulacra (IceCv)
  A naga simulacrum (IceCv)
  2 white imps (IceCv)
  6 ufetubi (IceCv)
  3 orcs (D:10)
96 creatures vanquished.

Vanquished Creatures (others)
  A salamander (Snake:2)
  A steam dragon (D:10)
  An orc (D:10)
  17 fungi
  19 plants
  6 withered plants (D:4)
45 creatures vanquished.

Grand Total: 615 creatures vanquished

Notes
Turn   | Place    | Note
-------+----------+-------------------------------------------
     0 | D:1      | MordorOrchid the Draconian Transmuter began the quest for
                  | the Orb.
     0 | D:1      | Reached XP level 1. HP: 16/16 MP: 3/3
    55 | D:1      | You fall into a shaft and drop 1 floor!
   366 | D:1      | Reached XP level 2. HP: 23/23 MP: 3/5
   369 | D:1      | Learned a level 2 spell: Wereblood
  1042 | D:1      | Reached XP level 3. HP: 27/29 MP: 6/6
  1456 | D:2      | Learned a level 3 spell: Spider Form
  2057 | D:2      | Reached XP level 4. HP: 36/36 MP: 5/7
  2303 | D:2      | Reached skill level 4 in Unarmed Combat
  2957 | D:3      | Noticed Jessica
  2977 | D:3      | Killed Jessica
  2978 | D:3      | Reached XP level 5. HP: 38/41 MP: 5/8
  3210 | D:3      | Noticed Grinder
  3214 | D:3      | Paralysed by Grinder for 4 turns
  3219 | D:3      | Gained mutation: Your spells are a little harder to cast,
                  | but a little more powerful. [potion of mutation]
  3219 | D:3      | Gained mutation: You tend to lose your temper in combat.
                  | [potion of mutation]
  3219 | D:3      | Gained mutation: Your spells are harder to cast, but more
                  | powerful. [potion of mutation]
  3226 | D:3      | Paralysed by Grinder for 3 turns
  3231 | D:3      | Killed Grinder
  3232 | D:3      | Reached XP level 6. HP: 50/50 MP: 8/10
  3270 | D:3      | Found a glowing silver altar of Zin.
  3809 | D:3      | Learned a level 4 spell: Ice Form
  4151 | D:4      | Reached skill level 5 in Unarmed Combat
  4260 | D:4      | Found a runed translucent gate.
  4260 | D:4      | Found a runed translucent gate.
  4261 | D:4      | Found a runed translucent gate.
  4283 | D:4      | Your scales start taking on a pale cyan-grey colour.
  4283 | D:4      | Reached XP level 7. HP: 57/57 MP: 10/12
  4285 | D:4      | Noticed Gargoyl's ghost (amateur GnAK)
  4285 | D:4      | Noticed Perttuleena's ghost (amateur DrTm)
  4667 | D:4      | Found a staircase to the Ecumenical Temple.
  4684 | Temple   | Entered the Ecumenical Temple
  4692 | Temple   | Became a worshipper of Cheibriados the Contemplative
  5013 | D:4      | Killed Gargoyl's ghost
  5014 | D:4      | Reached skill level 1 in Ice Magic
  5020 | D:4      | Killed Perttuleena's ghost
  5021 | D:4      | Reached XP level 8. HP: 34/64 MP: 7/14
  5082 | D:5      | Entered Level 5 of the Dungeon
  5629 | D:5      | Found a basalt altar of Yredelemnul.
  5632 | D:5      | Noticed a profane servitor
  5653 | D:5      | Found a glowing golden altar of the Shining One.
  6459 | D:6      | Reached * piety under Cheibriados
  6460 | D:6      | Reached skill level 6 in Unarmed Combat
  6478 | D:6      | Reached skill level 5 in Spellcasting
  6573 | D:6      | Reached skill level 5 in Transmutations
  6573 | D:6      | Reached skill level 1 in Invocations
  7110 | D:6      | Reached XP level 9. HP: 72/72 MP: 9/16
  7473 | D:6      | Reached ** piety under Cheibriados
  7845 | D:7      | Found a runed translucent door.
  7845 | D:7      | Noticed a sixfirhy
  8041 | D:7      | Identified the +0 chain mail "Asef" {rPois rN+ Str-3 Dex+5}
  8221 | D:7      | Reached skill level 7 in Unarmed Combat
  8225 | D:7      | Reached skill level 5 in Fighting
  8355 | D:7      | Reached skill level 5 in Dodging
  8526 | D:7      | Reached *** piety under Cheibriados
  8768 | D:8      | Found a blossoming altar of Fedhas.
  8931 | D:8      | Noticed Gastronok
  9261 | D:9      | Reached skill level 1 in Evocations
  9909 | D:8      | Noticed Erica
  9919 | D:8      | Killed Erica
  9920 | D:8      | Reached XP level 10. HP: 82/82 MP: 15/19
  9969 | D:8      | Noticed Prince Ribbit
  9974 | D:8      | Killed Prince Ribbit
  9975 | D:8      | Reached skill level 8 in Unarmed Combat
 10145 | D:9      | Learned a level 4 spell: Summon Lightning Spire
 10246 | D:9      | Noticed a two-headed ogre
 10256 | D:9      | Killed a two-headed ogre
 10257 | D:9      | Reached skill level 1 in Air Magic
 10361 | D:9      | Reached skill level 1 in Summonings
 10453 | D:9      | Found a runed translucent gate.
 10453 | D:9      | Found a runed translucent gate.
 10453 | D:9      | Found a runed translucent gate.
 10463 | D:9      | Noticed RamboRex's ghost (novice MiBe)
 10551 | D:9      | Reached **** piety under Cheibriados
 10701 | D:10     | Entered Level 10 of the Dungeon
 10909 | D:10     | Found a roughly hewn altar of Beogh.
 10909 | D:10     | Found a staircase to the Orcish Mines.
 10925 | D:10     | Noticed a two-headed ogre
 10925 | D:10     | Noticed a two-headed ogre
 10939 | D:10     | Killed a two-headed ogre
 10946 | D:10     | Killed a two-headed ogre
 10947 | D:10     | Reached skill level 9 in Unarmed Combat
 10947 | D:10     | Reached skill level 5 in Invocations
 10970 | D:10     | Reached ***** piety under Cheibriados
 10977 | D:10     | Reached XP level 11. HP: 52/89 MP: 7/20
 11348 | D:10     | Noticed EWolf27's ghost (journeyman GrEE)
 11381 | D:10     | Found a transporter.
 11396 | D:10     | Found a transporter.
 12073 | D:10     | Found a staircase to the Lair.
 12453 | D:11     | Noticed Nergalle
 12454 | D:11     | Noticed a brown ugly thing
 12455 | D:11     | Noticed a spectral orc warlord
 12460 | D:11     | Killed Nergalle
 12469 | D:11     | Killed a brown ugly thing
 13078 | D:11     | Noticed a two-headed ogre
 13085 | D:11     | Killed a two-headed ogre
 13095 | D:11     | Reached skill level 5 in Evocations
 13192 | D:11     | Noticed a boulder beetle
 13205 | D:11     | Killed a boulder beetle
 13286 | D:11     | Noticed a white ugly thing
 13391 | Lair:1   | Entered Level 1 of the Lair of Beasts
 13410 | Lair:1   | Reached skill level 10 in Unarmed Combat
 13688 | Lair:1   | Reached XP level 12. HP: 96/96 MP: 15/22
 13850 | Lair:1   | Reached ****** piety under Cheibriados
 14211 | Lair:1   | Reached skill level 1 in Shields
 14666 | Lair:1   | Learned a level 4 spell: Summon Ice Beast
 14980 | Lair:2   | Found a dark tunnel.
 15604 | Lair:3   | Found a staircase to the Snake Pit.
 15732 | Lair:3   | Found a staircase to the Swamp.
 15912 | Lair:3   | Reached skill level 5 in Air Magic
 15934 | Lair:3   | Noticed a six-headed hydra
 16203 | Lair:3   | Killed a six-headed hydra
 16398 | Lair:3   | Got a warped cloak
 16406 | Lair:3   | Identified the cursed -5 cloak of Xintyosi {rPois rC-
                  | Dex+7} (You found it on level 3 of the Lair of Beasts)
 16573 | Lair:3   | Noticed a boulder beetle
 16587 | Lair:3   | Reached skill level 5 in Summonings
 16592 | Lair:3   | Killed a boulder beetle
 17242 | Lair:4   | Learned a level 1 spell: Animate Skeleton
 17254 | Lair:4   | Noticed an eight-headed hydra
 17258 | Lair:4   | Killed an eight-headed hydra
 17536 | Lair:4   | Found a large runed translucent door.
 17536 | Lair:4   | Found a large runed translucent door.
 17538 | Lair:4   | Noticed Vuppis's ghost (journeyman DsVM)
 17925 | Lair:4   | Noticed a seven-headed hydra
 17932 | Lair:4   | Killed a seven-headed hydra
 18076 | Lair:4   | Reached XP level 13. HP: 102/102 MP: 17/25
 18077 | Lair:4   | Reached skill level 1 in Necromancy
 18587 | Lair:5   | Noticed Urug
 18615 | Lair:5   | Killed Urug
 19199 | Lair:5   | Learned a level 5 spell: Blade Hands
 19426 | Lair:5   | Noticed Snorg
 19436 | Lair:5   | Killed Snorg
 19815 | Lair:6   | Entered Level 6 of the Lair of Beasts
 20220 | Lair:6   | Found a staircase to the Slime Pits.
 21030 | Lair:6   | Noticed a fire dragon
 21047 | Lair:6   | Found a large runed translucent door.
 21312 | Lair:6   | Reached skill level 11 in Unarmed Combat
 21489 | Lair:6   | Found a large runed translucent door.
 21661 | Lair:6   | Killed a fire dragon
 21811 | Snake:1  | Entered Level 1 of the Snake Pit
 21866 | Snake:1  | Found a frozen archway.
 21970 | IceCv    | Entered an ice cave
 22148 | IceCv    | HP: 4/105 [harpy simulacrum (8)]
 22717 | IceCv    | Reached XP level 14. HP: 113/113 MP: 23/27
 22820 | IceCv    | Noticed an Ice Fiend
 22854 | IceCv    | Killed an Ice Fiend
 22896 | IceCv    | Got a pair of brightly glowing boots
 22907 | IceCv    | Identified the +1 pair of boots of Inaction {Rampage} (You
                  | found it in an ice cave)
 22910 | IceCv    | Got a brightly glowing hat
 22926 | IceCv    | Identified the +1 hat of Pessimism {Int+7} (You found it in
                  | an ice cave)
 23147 | Snake:2  | Found Zasa's Antique Weapon Boutique.
 23275 | Snake:2  | Reached skill level 5 in Shields
 23366 | Snake:2  | Found Oluashridd's Magic Scroll Shoppe.
 23370 | Snake:2  | HP: 6/136 [naga ritualist/lance of force (7)]
 23373 | Snake:2  | Found Uroinwow's Magic Scroll Shop.
 23378 | Snake:2  | HP: 6/136 [black mamba (4)]
 23379 | Snake:2  | Mangled by a black mamba

Illustrated notes

Levels and vault maps discovered:
D:1:      saegor_arrival_under_anarchy, layout_basic, minivault_19,
          serial_bayou_ford_a, corner_web_ring, minmay_misc_feat_nine_boxes,
          grunt_decor_resistance, supply_closet_lemuel
D:2:      layout_basic
D:3:      layout_basic, zin_academy, uniq_jessica, uniq_grinder
D:4:      layout_basic, minmay_temple_entry_large_hall, gammafunk_ghost_cemetery
D:5:      layout_layer_cave, grunt_temple_overflow_holy_war
D:6:      layout_basic
D:7:      cheibrodos_shockbox, layout_basic
D:8:      layout_basic, fedhas_altar_2, gammafunk_ghost_split, nicolae_sextant,
          uniq_erica, uniq_prince_ribbit1, uniq_gastronok, uniq_harold
D:9:      layout_stronghold, gammafunk_ghost_spectres
D:10:     layout_rooms, erik_lair_dragon, david_orc_5,
          gammafunk_ghost_stat_death, kennysheep_generic_room_9
D:11:     layout_stronghold, uniq_nergalle
Temple:   eino_narrow_crystal_temple
Lair:1:   layout_regular_city
Lair:2:   layout_regular_city, nicolae_volcano_entry_two_sided
Lair:3:   layout_small_grid, minmay_swamp_entry_reptiles, dummy_snake_entry,
          minmay_lair_oklob_chamber, serial_bayou_shore_a
Lair:4:   layout_loops_ring, ebering_ghost_disaster_area, lookout_lair_type,
          grunt_megastairs_4
Lair:5:   layout_layer_cave, grunt_megastairs_2, uniq_snorg, uniq_urug
Lair:6:   cheibrodos_lair_end_hotspot, layout_hall_layers,
          minmay_slime_entry_oklob_open
Snake:1:  layout_cave_pods, portal_ice_cave_entry_dragon,
          nicolae_coiled_stairwell_down
Snake:2:  layout_onion_interference, serial_shops, shop,
          nicolae_shop_waterfront, nicolae_shop_crystal,
          nicolae_shop_behind_doors, shop, grunt_megastairs_3,
          serial_bayou_shore_b

Skill      XL: |  1  2  3  4  5  6  7  8  9 10 11 12 13 14 |
---------------+-------------------------------------------+-----
Dodging        | 2 3 4 5 7 8 9 |  9.3
Fighting       | 2 3 4 5 6 7 |  7.6
Unarmed Combat | 4 5 6 7 9 10 11 | 11.5
Spellcasting   | 3 4 5 6 7 8 9 |  9.9
Transmutations | 3 4 5 6 7 8 |  8.6
Ice Magic      | 1 2 3 |  3.6
Invocations    | 1 4 5 6 7 8 |  8.5
Evocations     | 2 3 5 6 7 |  7.3
Air Magic      | 2 4 5 |  5.4
Summonings     | 2 3 5 |  5.7
Shields        | 3 4 5 |  5.1
Necromancy     | 3 |  3.0

Action                   |  1- 3 |  4- 6 |  7- 9 | 10-12 | 13-15 || total
-------------------------+-------+-------+-------+-------+-------++-------
Melee: Unarmed           |   124 |   187 |   335 |   431 |   272 ||  1349
       Kick              |    15 |    27 |    82 |   119 |     3 ||   246
       Tailslap          |     9 |    15 |    38 |    50 |    35 ||   147
       Headbutt          |     7 |    20 |    49 |    66 |       ||   142
       Punch             |     1 |     3 |     8 |    15 |    10 ||    37
Throw: Boomerang         |       |     1 |    14 |     5 |       ||    20
       Stone             |       |       |     5 |     2 |       ||     7
       Dart              |       |       |     5 |    15 |     2 ||    22
 Cast: Beastly Appendage |    23 |    27 |    41 |    33 |     1 ||   125
       Wereblood         |       |       |    11 |    26 |    14 ||    51
       Ice Form          |       |       |     7 |    30 |    21 ||    58
       Summon Lightning  |       |       |       |    40 |    62 ||   102
       Summon Ice Beast  |       |       |       |     5 |     6 ||    11
       Animate Skeleton  |       |       |       |     3 |    54 ||    57
       Blade Hands       |       |       |       |       |    21 ||    21
Invok: Bend Time         |       |       |       |    11 |     5 ||    16
       Temporal Distorti |       |       |       |     1 |       ||     1
 Abil: End Transformatio |       |       |       |       |     2 ||     2
Evoke: Wand              |       |       |     8 |    19 |     8 ||    35
  Use: Scroll            |     5 |     1 |     7 |    10 |     6 ||    29
       Potion            |       |     5 |     4 |     1 |     8 ||    18
 Stab: Invisible         |       |       |     5 |       |     1 ||     6
       Sleeping          |       |       |     1 |     4 |       ||     5
       Distracted        |       |       |       |     5 |     3 ||     8
Armor: Skin              |    31 |    37 |    91 |    73 |    61 ||   293
Dodge: Dodged            |    70 |   101 |   208 |   373 |   353 ||  1105

Table legend: (Time is in decaauts)
 A = Elapsed time spent in this place.
 B = Non-inter-level travel time spent in this place.
 C = Inter-level travel time spent in this place.
 D = Time resting spent in this place.
 E = Time spent auto-exploring this place.
 F = Levels seen in this place.
 G = Mean time per level.
                   A        B        C        D        E       F      G
               +--------+--------+--------+--------+--------+-----+--------+
         Total |  31206 |  30046 |   1160 |   1293 |  20786 |  21 | 1486.0 |
       Dungeon |  15864 |  15083 |    781 |    521 |  11664 |  11 | 1442.2 |
        Temple |     18 |      9 |      9 |      0 |      0 |   1 |   18.0 |
          Lair |  12560 |  12191 |    369 |    772 |   9121 |   6 | 2093.3 |
     Snake Pit |   1029 |   1029 |      0 |      0 |      0 |   2 |  514.5 |
      Ice Cave |   1733 |   1733 |      0 |      0 |      0 |   1 | 1733.0 |
               +--------+--------+--------+--------+--------+-----+--------+

Top non-repeatable levels by time:
  Lair:6: 2717 daAuts
  Lair:3: 2390 daAuts
    D:10: 2108 daAuts
  Lair:5: 2069 daAuts
  Lair:4: 2024 daAuts
  Lair:1: 1916 daAuts
     D:9: 1819 daAuts
   IceCv: 1733 daAuts
     D:6: 1703 daAuts
     D:5: 1650 daAuts
    D:11: 1500 daAuts
     D:3: 1445 daAuts
  Lair:2: 1442 daAuts
     D:1: 1415 daAuts
     D:4: 1185 daAuts
